 Dungeon Crawl Stone Soup version 0.21-a0-404-g291f19a (webtiles) character file.

14 KristoblXynda the Stinger (level 2, -2/17 HPs)
             Began as an Octopode Venom Mage on Oct 26, 2017.
             Slain by a worm (7 damage)
             ... on level 2 of the Dungeon.
             The game lasted 00:00:59 (873 turns).

KristoblXynda the Stinger (Octopode Venom Mage)      Turns: 873, Time: 00:01:00

Health: -2/17      AC:  1    Str:  7    XL:     2   Next: 45%
Magic:  5/5        EV: 13    Int: 17    God:
Gold:   47         SH:  0    Dex: 12    Spells: 4/5 levels left

rFire    . . .     SeeInvis .   c - +0 dagger
rCold    . . .     Gourm    .   (no shield)
rNeg     . . .     Faith    .   (helmet restricted)
rPois    .         Spirit   .   (no amulet)
rElec    .         Reflect  .   (no ring)
rCorr    .         Harm     .   (no ring)
MR       .....                  (no ring)
Stlth    +++.......             (no ring)
HPRegen  0.05/turn              (no ring)
MPRegen  0.09/turn              (no ring)
                                (no ring)
                                (no ring)

@: no status effects
A: almost no armour, stealthy swim, amphibious, 8 rings, constrict 8, camouflage
1, gelatinous body 1
a: no special abilities


You were on level 2 of the Dungeon.
You were not hungry.

You visited 1 branch of the dungeon, and saw 2 of its levels.

You collected 47 gold pieces.

Inventory:

Hand Weapons
 c - a +0 dagger (weapon)
Scrolls
 e - a scroll of immolation {unknown}
 f - a scroll of noise {unknown}
 h - 5 scrolls of identify {unknown}
 l - a scroll of random uselessness {unknown}
Potions
 d - 2 potions of brilliance {unknown}
 g - a potion of lignification {unknown}
 k - a potion of curing {unknown}
 m - a potion of haste {unknown}
 n - a potion of heal wounds {unknown}
Books
 a - a Young Poisoner's Handbook

   Spells                             Type                      Level
   a - Sting                          Conjuration/Poison           1
   b - Poisonous Vapours              Poison/Air                   2
   c - Mephitic Cloud                 Conjuration/Poison/Air       3
   d - Olgreb's Toxic Radiance        Poison                       4
   e - Venom Bolt                     Conjuration/Poison           5
Comestibles
 b - a bread ration
 i - a meat ration
 j - 2 fruits


   Skills:
 - Level 2.0 Dodging
 + Level 3.2 Stealth
 + Level 2.2 Spellcasting
 + Level 1.4 Conjurations
 + Level 3.9 Poison Magic


You had 4 spell levels left.
You knew the following spells:

 Your Spells              Type           Power        Failure   Level  Hunger
a - Sting                 Conj/Pois      ##..         6%          1    #......


Dungeon Overview and Level Annotations

Branches:
Dungeon (2/15)

Altars:
Ashenzari


Innate Abilities, Weirdness & Mutations

You cannot wear most types of armour.
You are very stealthy in the water. (Stealth+)
You are amphibious.
You can wear up to eight rings at the same time.
You can use your tentacles to constrict eight enemies at once.
Your skin changes colour to match your surroundings (Stealth+).
Your rubbery body absorbs attacks. (AC +1, EV +1)


Message History

The helpless worm fails to defend itself.
You puncture the worm! You grab the worm.
The worm is moderately wounded.
You constrict the worm, but do no damage.
You hit the worm.
The worm is heavily wounded.
You constrict the worm. The worm bites you but does no damage.
You hit the worm.
The worm is heavily wounded.
You constrict the worm. The worm barely misses you.
The leopard gecko bites you.
You hit the worm but do no damage.
The worm is heavily wounded.
You constrict the worm. The leopard gecko bites you.
You hit the worm.
The worm is almost dead.
You constrict the worm. The leopard gecko bites you.
* * * LOW HITPOINT WARNING * * *
The worm bites you!
You die...

#.............#
#.........#>.#
#..<........# ###
#.........)## #..
#...........## #.#
#.........#..###..#
#.##.......#.....#.#.#
........######.......#
#.####.## ###@w.###
#.# #l..# ###.####
#...# #......#
####.....
#.###..#...........
#.###................
#.#....#.............
#.#.##.# ####........
#.#.##.#


You could see a worm and a leopard gecko.

Vanquished Creatures
  A dart slug (D:1)
  2 hobgoblins (D:1)
  A frilled lizard (D:1)
  A goblin (D:1)
  3 kobolds (D:1)
  7 rats (D:1)
15 creatures vanquished.

Notes
Turn   | Place    | Note
-------+----------+-------------------------------------------
     0 | D:1      | KristoblXynda the Octopode Venom Mage began the quest for the Orb.
     0 | D:1      | Reached XP level 1. HP: 11/11 MP: 3/3
   408 | D:1      | Reached XP level 2. HP: 17/17 MP: 5/5
   446 | D:1      | Found a shattered altar of Ashenzari.
   873 | D:2      | Slain by a worm

Vault maps used:
D:1:      dpeg_arrival_ratfight, minmay_misc_feat_nine_boxes,
          minmay_misc_feat_columns, serial_bayou_pond_a,
          nicolae_ashenzari_panopticon
D:2:      serial_bayou_crossing

Skill      XL: |  1 |
---------------+----+-----
Stealth        | 3 |  3.2
Dodging        | |  2.0
Spellcasting   | |  2.2
Conjurations   | |  1.4
Poison Magic   | |  3.9

Action                   || total
-------------------------++-------
Melee: Dagger            ||    26
       Unarmed           ||     6
       Constrict         ||     7
       Tentacles         ||     3
 Stab: Sleeping          ||     6
Armor: Skin              ||     2
Dodge: Dodged            ||    13

Table legend:
 A = Spawn XP
 B = Non-spawn XP
 C = Spawn XP percentage of total XP
 D = Spawn monster count
 E = Non-spawn monster count
 F = Spawn count percentage of total count
 G = Total turns spent on level
                    A         B        C        D         E        F      G
               +---------+---------+-------+---------+---------+-------+---------
         Total |       0 |      21 |   0.0 |       0 |      15 |   0.0 |   873
               +---------+---------+-------+---------+---------+-------+---------
           D:1 |       0 |      21 |   0.0 |       0 |      15 |   0.0 |   846
               +---------+---------+-------+---------+---------+-------+---------
